 Dungeon Crawl Stone Soup version 0.25.0-26-g0c896c7088 (webtiles) character file.

Game seed: 1947864093059447722

154 MisterFreud the Chiller (level 5, -5/44 (46) HPs)
             Began as a Ghoul Ice Elementalist on July 1, 2020.
             Slain by an ogre
             ... wielding a +0 giant club
              (25 damage)
             ... on level 3 of the Dungeon.
             The game lasted 00:06:14 (3342 turns).

MisterFreud the Chiller (Ghoul Ice Elementalist)    Turns: 3342, Time: 00:06:15

HP:   -5/44 (46)    AC:  3    Str: 12    XL:     5   Next: 35%
MP:   3/8           EV: 12    Int: 11    God:
Gold: 89            SH:  0    Dex:  9    Spells: 6/10 levels left

rFire    . . .     SeeInvis .   e - +0 short sword
rCold    + . .     Gourm    .   (no shield)
rNeg     + + +     Faith    .   a - +0 robe
rPois    ∞         Spirit   .   (no helmet)
rElec    .         Reflect  .   (no cloak)
rCorr    .         Harm     .   n - +0 pair of gloves
MR       .....                  (no boots)
Stlth    ++........             (no amulet)
HPRegen  0.00/turn              (no ring)
MPRegen  0.11/turn              (no ring)

@: very slightly contaminated, rotting
A: rotting body, claws 1, carnivore, cold resistance 1, negative energy
resistance 3, inhibited regeneration, torment resistance, unbreathing
a: no special abilities


You were on level 3 of the Dungeon.
You were not hungry.

You visited 1 branch of the dungeon, and saw 3 of its levels.

You collected 89 gold pieces.

Inventory:

Hand Weapons
 e - a +0 short sword (weapon)
Armour
 a - a +0 robe (worn)
 n - a +0 pair of gloves (worn)
Jewellery
 o - an uncursed ring of magical power
Scrolls
 b - a scroll of remove curse {unknown}
 f - a scroll of blinking {unknown}
 g - a scroll of immolation {unknown}
 h - 2 scrolls of noise {unknown}
 j - 2 scrolls of fog {unknown}
 k - 2 scrolls of enchant weapon {unknown}
 l - 4 scrolls of amnesia {unknown}
 m - a scroll of teleportation {unknown}
 q - a scroll of identify {unknown}
Potions
 d - 2 potions of heal wounds {unknown}
 i - 2 potions of curing {unknown}
 p - a potion of lignification {unknown}
 r - a potion of haste {unknown}
Comestibles
 c - 6 rations


   Skills:
 - Level 4.0 Fighting
 - Level 1.7 Dodging
 - Level 2.1 Stealth
 + Level 3.2 Spellcasting
 - Level 4.3 Ice Magic


You had 6 spell levels left.
You knew the following spells:

 Your Spells              Type           Power        Failure   Level  Hunger
a - Freeze                Ice            ##..         4%          1    #......
b - Frozen Ramparts       Ice            ##....       13%         3    ###....

Your spell library contained the following spells:

 Spells                   Type           Power        Failure   Level  Hunger
 Ozocubu's Armour         Chrm/Ice       #.......     32%         3    ###....
 Hailstorm                Conj/Ice       #.......     71%         4    #####..
 Summon Ice Beast         Ice/Summ       #.......     71%         4    #####..


Dungeon Overview and Level Annotations

Branches:
Dungeon (3/15)

Altars:


Innate Abilities, Weirdness & Mutations

Your body is rotting away.
You thrive on raw meat.
You are immune to poison.
You have sharp fingernails.
You are carnivorous and can eat meat at any time.
Your flesh is cold resistant. (rC+)
You are immune to negative energy. (rN+++)
You do not regenerate when monsters are visible.
You are immune to unholy pain and torment.
You can survive without breathing.


Message History

Confirm with . or Enter, or press ? or * to list all spells.
Aiming: Freeze (safe; 4% risk of failure)
Press: ? - help, Shift-Dir - straight line, f - ogre
Aim: an ogre, wielding a +0 giant club (severely wounded)
You freeze the ogre.
The ogre is almost dead.
The wall freezes the ogre.
The ogre hits you with a +0 giant club!!
Ouch! That really hurt!
Casting: Freeze (safe; 4% risk of failure)
Confirm with . or Enter, or press ? or * to list all spells.
Aiming: Freeze (safe; 4% risk of failure)
Press: ? - help, Shift-Dir - straight line, f/p - ogre
Aim: an ogre, wielding a +0 giant club (almost dead)
You miscast Freeze.
You are very lightly contaminated with residual magic.
Nothing appears to happen.
The frozen ramparts melt away.
The ogre hits you with a +0 giant club!!
Ouch! That really hurt!
You die...

♣♣.♣♣♣♣.♣♣♣♣ ♣♣.♣♣
♣♣...♣♣♣♣ ♣.♣♣
♣♣♣♣...♣♣♣ ♣♣..♣
♣♣♣♣..♣♣ ♣♣♣..♣♣
♣♣.>♣ ♣...♣♣ ♣♣♣♣
♣.♣♣♣ #
#####.############
#
#.........O@..>..#
#
#.#####..#######.#
# #..# #.# # #.÷#
#.###########
#..##
#............
#...#
#############
##..# #..####
#.....#


You could see an ogre.

Vanquished Creatures
  A worker ant (D:3)
  4 adders (D:2)
  3 gnolls (D:2)
  2 worms (D:2)
  A leopard gecko (D:1)
  3 giant cockroaches
  6 goblins
  7 hobgoblins
  3 jackals
  A quokka (D:2)
  A ball python (D:2)
  7 bats
  A frilled lizard (D:1)
  11 kobolds
  7 rats
58 creatures vanquished.

Notes
Turn   | Place    | Note
-------+----------+-------------------------------------------
     0 | D:1      | MisterFreud the Ghoul Ice Elementalist began the quest for
                  | the Orb.
     0 | D:1      | Reached XP level 1. HP: 14/14 MP: 2/2
    48 | D:1      | Reached skill level 1 in Fighting
   439 | D:1      | Reached XP level 2. HP: 23/23 MP: 0/3
  1093 | D:1      | Reached XP level 3. HP: 21/30 MP: 1/5
  1140 | D:1      | Learned a level 3 spell: Frozen Ramparts
  1668 | D:2      | Reached XP level 4. HP: 12/38 MP: 1/6
  2520 | D:2      | Reached XP level 5. HP: 46/46 MP: 0/8
  3318 | D:3      | Noticed an ogre
  3342 | D:3      | Slain by an ogre

Illustrated notes

Levels and vault maps discovered:
D:1:      dpeg_arrival_stonehenge_12_columns, layout_loops_ring,
          minmay_heptomino_w4
D:2:      layout_loops_ring
D:3:      kb_forest_paths, layout_basic, minmay_fountain_box, uniq_jessica

Skill      XL: |  1  2  3  4  5 |
---------------+----------------+-----
Fighting       | 1 2 3 4 |  4.0
Spellcasting   | 2 3 |  3.2
Dodging        | |  1.7
Stealth        | |  2.1
Ice Magic      | |  4.3

Action                   |  1- 3 |  4- 6 || total
-------------------------+-------+-------++-------
Melee: Unarmed           |    35 |       ||    35
       Short sword       |     9 |    35 ||    44
 Cast: Freeze            |    35 |    12 ||    47
       Frozen Ramparts   |     3 |     9 ||    12
 Stab: Sleeping          |     1 |     2 ||     3
  Eat: Chunk             |    12 |     5 ||    17
Armor: Robe              |    14 |    15 ||    29
Dodge: Dodged            |    53 |    45 ||    98
